 Dungeon Crawl Stone Soup version 0.19-a0-1292-g796ee4d (webtiles) character file.

212 Elitist the Cudgeler (level 5, -7/35 HPs)
             Began as a Gargoyle Monk on Aug 30, 2016.
             Mangled by an ogre
             ... wielding a +0 giant spiked club
              (28 damage)
             ... on level 4 of the Dungeon.
             The game lasted 00:06:09 (3356 turns).

Elitist the Cudgeler (Gargoyle Monk)                Turns: 3356, Time: 00:06:10

Health: -7/35      AC: 11    Str: 15    XL:     5   Next: 89%
Magic:  5/5        EV: 11    Int: 11    God:
Gold:   150        SH:  0    Dex: 12    Spells: 0 memorised, 4 levels left

rFire  . . .     SeeInvis .     a - +0 mace
rCold  . . .     Gourm    .     e - +0 ring mail
rNeg   + . .     Faith    .     (no shield)
rPois  ∞         Spirit   .     k - +0 helmet
rElec  +         Dismiss  .     (no cloak)
rCorr  .         Reflect  .     o - +0 pair of gloves
MR     .....     Harm     .     (no boots)
Stlth  +.........               (no amulet)
                                (no ring)
                                (no ring)

@: no status effects
A: negative energy resistance 1, electricity resistance, unbreathing,
petrification resistance, rot immunity, AC +4
a: no special abilities


You were on level 4 of the Dungeon.
You were not hungry.

You visited 1 branch of the dungeon, and saw 4 of its levels.

You collected 150 gold pieces.

Inventory:

Hand Weapons
 a - a +0 mace (weapon)
Armour
 e - a +0 ring mail (worn)
 k - a +0 helmet (worn)
 o - a +0 pair of gloves (worn)
Jewellery
 g - an uncursed ring of ice
Scrolls
 b - a scroll of immolation {unknown}
 h - 2 scrolls of blinking {unknown}
 j - 2 scrolls of enchant weapon {unknown}
 l - 4 scrolls of remove curse
 m - a scroll of teleportation {unknown}
 q - a scroll of enchant armour {unknown}
Potions
 f - 2 potions of cancellation
 i - a potion of brilliance
 s - 2 potions of magic
 u - a potion of might {unknown}
Comestibles
 c - 2 bread rations
 n - a meat ration
 r - 2 slices of pizza


   Skills:
 - Level 5.0 Fighting
 * Level 5.2 Maces & Flails
 + Level 1.0 Armour
 - Level 2.4 Dodging
 - Level 2.1 Stealth


You had 4 spell levels left.
You didn't know any spells.

Dungeon Overview and Level Annotations

Branches:
Dungeon (4/15)
 Temple: D:4-7

Altars:
Vehumet

Annotations:
D:2 Sigmund


Innate Abilities, Weirdness & Mutations

You are resistant to torment.
Your stone body is resilient. (AC +4)
You are immune to poison.
You resist negative energy. (rN+)
You are resistant to electric shocks. (rElec)
You can survive without breathing.
You are immune to petrification.
You are immune to rotting.


Message History

You sock the ogre!
The ogre is moderately wounded.
The ogre barely misses you.
You hit the ogre.
The ogre is moderately wounded.
You closely miss the ogre.
The ogre is moderately wounded.
The ogre hits you with a giant spiked club!
All of the chunks of flesh in your inventory have rotted away.
You hit the ogre.
The ogre is heavily wounded.
The ogre closely misses you.
You barely miss the ogre.
The ogre is heavily wounded.
The ogre barely misses you.
You sock the ogre!
The ogre is almost dead.
The ogre hits you with a giant spiked club!!
Ouch! That really hurt!
You die...

# .# ..#
######...#
##.........
#..........
#..@O......
...............
..###..........
#..........
#.?........
###########


You could see an ogre.

Vanquished Creatures
  An orc wizard (D:3)
  Ijyb (D:2)
  Robin (D:2)
  3 gnolls (D:2)
  An adder (D:2)
  5 oozes
  6 worms
  A dart slug (D:2)
  3 giant geckos
  An orc (D:3)
  4 bats
  3 giant cockroaches
  8 goblins
  7 hobgoblins
  5 jackals
  7 giant newts
  4 kobolds
  11 rats
72 creatures vanquished.

Notes
Turn   | Place    | Note
-------+----------+-------------------------------------------
     0 | D:1      | Elitist the Gargoyle Monk began the quest for the Orb.
     0 | D:1      | Reached XP level 1. HP: 14/14 MP: 1/1
     1 | D:1      | Found a runed door.
   620 | D:1      | Reached XP level 2. HP: 19/19 MP: 2/2
   681 | D:2      | Found a radiant altar of Vehumet.
   763 | D:2      | Reached XP level 3. HP: 24/24 MP: 3/3
   766 | D:2      | Noticed Ijyb
   794 | D:2      | Killed Ijyb
   806 | D:2      | Reached XP level 4. HP: 8/30 MP: 4/4
  1182 | D:2      | Noticed Robin
  1198 | D:2      | Killed Robin
  1331 | D:2      | Reached XP level 5. HP: 14/34 MP: 5/5
  1593 | D:2      | Noticed Sigmund
  2081 | D:2      | Reached skill level 5 in Fighting
  2689 | D:3      | Reached skill level 5 in Maces & Flails
  2689 | D:3      | Reached skill level 1 in Armour
  3350 | D:4      | Noticed an ogre
  3356 | D:4      | Mangled by an ogre

Vault maps used:
D:1:      dpeg_arrival_caged_fury
D:2:      vehumet_crystals, uniq_iyjb, uniq_robin, uniq_sigmund
D:3:      hangedman_decor_diamond_cutter, kennysheep_generic_room_12
D:4:      kennysheep_goblin_castle, first_bread, uniq_duvessa

Skill      XL: |  1  2  3  4  5 |
---------------+----------------+-----
Fighting       | 4 5 |  5.0
Maces & Flails | 4 5 |  5.2
Armour         | 1 |  1.0
Dodging        | |  2.4
Stealth        | |  2.1

Action                   |  1- 3 |  4- 6 || total
-------------------------+-------+-------++-------
Melee: Mace              |    75 |   209 ||   284
  Use: Potion            |       |     5 ||     5
       Scroll            |       |     3 ||     3
 Stab: Sleeping          |     1 |     3 ||     4
  Eat: Chunk             |       |     8 ||     8
Armor: Ring mail         |    20 |   102 ||   122
Dodge: Dodged            |    41 |   125 ||   166
